 Dungeon Crawl Stone Soup version 0.18-a0-1273-g8ec5f8e (webtiles) character file.

7418 namelastname112 the Archer (level 10, -2/91 HPs)
             Began as a Black Draconian Hunter on Feb 7, 2016.
             Was an Initiate of Gozag.
             Slain by a troll (8 damage)
             ... on level 10 of the Dungeon.
             The game lasted 00:17:36 (11814 turns).

namelastname112 the Archer (DrHu)                  Turns: 11814, Time: 00:17:41

Health: -2/91      AC: 10    Str: 21    XL:     10   Next: 93%
Magic:  10/10      EV: 16    Int: 11    God:    Gozag
Gold:   1881       SH:  0    Dex: 14    Spells: 0 memorised, 9 levels left

rFire  . . .     SeeInvis .     a - +1 shortbow
rCold  + . .     Gourm    .     (armour unavailable)
rNeg   . . .     Faith    .     (shield currently unavailable)
rPois  .         Spirit   .     (helmet restricted)
rElec  +         Dismiss  .     J - +0 cloak
rCorr  .         Reflect  .     l - +0 pair of gloves
SustAt .         Harm     .     B - +0 pair of boots
MR     .....                    (no amulet)
Stlth  +++.......               L - ring of protection from cold
                                g - ring of stealth

@: mighty, very slightly contaminated, hasted, invisible, very quick, not
resistant to hostile enchantments, fairly stealthy
A: breathe lightning, unfitting armour, electricity resistance, cold-blooded, AC
+7
a: Breathe Lightning, Potion Petition, Call Merchant, Bribe Branch, Renounce
Religion


You were on level 10 of the Dungeon.
You worshipped Gozag.
Gozag was noncommittal.
You were not hungry.

You visited 1 branch of the dungeon, and saw 10 of its levels.

You collected 1896 gold pieces.
You paid 15 gold pieces to Gozag.

Inventory:

Hand Weapons
 a - a +1 shortbow (weapon)
 b - a +0 quarterstaff
 m - a +0 spear of venom
Missiles
 c - 30 arrows
 w - 6 poisoned arrows (quivered)
Armour
 l - a +0 pair of gloves (worn)
 B - a +0 pair of boots (worn)
 J - a +0 cloak (worn)
Jewellery
 g - a ring of stealth (left hand)
 A - an uncursed ring of wizardry
 L - a ring of protection from cold (right hand)
Wands
 o - a wand of confusion (23/48)
 D - a wand of paralysis (11/24)
 G - a wand of flame (21/48)
 M - a wand of disintegration (11/24)
Scrolls
 f - 2 scrolls of fear {unknown}
 h - a scroll of recharging {unknown}
 j - 2 scrolls of noise {unknown}
 k - 8 scrolls of identify {unknown}
 r - 2 scrolls of remove curse
 t - 5 scrolls of enchant weapon {unknown}
 v - a scroll of magic mapping {unknown}
 y - a scroll of amnesia {unknown}
 E - a scroll of teleportation {unknown}
 H - a scroll of enchant armour {unknown}
Potions
 e - a potion of magic
 p - 2 potions of degeneration {unknown}
 s - 2 potions of haste
 u - a potion of flight {unknown}
 x - 2 potions of lignification {unknown}
 z - 2 potions of resistance {unknown}
 C - 2 potions of might
 F - a potion of mutation {unknown}
 I - a potion of cure mutation {unknown}
Books
 q - a book of Cantrips

   Spells                             Type                      Level
   a - Corona                         Hexes                        1
   b - Animate Skeleton               Necromancy                   1
   c - Summon Small Mammal            Summoning                    1
   d - Apportation                    Translocation                1
Miscellaneous
 i - a plain deck of summoning {drawn: 2}
Comestibles
 d - 7 bread rations


   Skills:
 + Level 9.2 Fighting
 + Level 5.5 Staves
 * Level 10.8 Bows
 + Level 7.4 Dodging
 - Level 0.8 Stealth


You had 9 spell levels left.
You didn't know any spells.

Dungeon Overview and Level Annotations

Branches:
Dungeon (10/15)            Temple (0/1) D:7            Lair (0/8) D:9
    Orc (0/2) D:10

Altars:
Ashenzari
Dithmenos
Gozag
Makhleb
Nemelex Xobeh
Qazlal
Ru
Sif Muna
Trog
Xom
Yredelemnul
Zin
The Shining One

Shops:
D:9 :


Innate Abilities, Weirdness & Mutations

You can breathe wild blasts of lightning.
Your glossy black scales are hard (AC +7).
Your body does not fit into most forms of armour.
You are resistant to electric shocks.
You are cold-blooded and may be slowed by cold attacks.


Message History

* * * LOW HITPOINT WARNING * * *
You feel sick.
The gnoll sergeant completely misses you.
Drink which item? (? for menu, Esc to quit)
It was a potion of curing.
You feel better. The troll bites you!
* * * LOW HITPOINT WARNING * * *
The troll barely misses you. The troll claws you but does no damage.
The gnoll sergeant misses you.
Drink which item? (? for menu, Esc to quit)
Okay, then.
Firing (i - inventory. (,) - cycle):
w - 7 poisoned arrows (quivered)
Press: ? - help, Shift-Dir - straight line, f/p - gnoll sergeant
Aim: a gnoll sergeant, wielding a spear of venom, wearing a ring mail and wearing a shield (severely wounded)
You shoot a poisoned arrow.
The gnoll sergeant blocks the poisoned arrow.
The gnoll shouts!
The troll closely misses you. The troll completely misses you.
The troll claws you!
You die...
Your body crumbles into a pile of gold.

############# #####
##############...........####....
....#.......##...........#..'....
#####.#####.#.....)........##..o.
..#...#...#.#............####....
#.#.#####.#.[............# #....
#.#...#......#######.##### #....
#.###.#.###..# #.go..# #####
#.......#...## #@#####
######'###### #T# #....#
##O########## #### ####.#
#...).......# #...
########.#####........$.$####...
#....g.g.(.#('g....((.($('.##...
##..g.K...Kg..#..........$#..#$..
$...((.K(.K.###...........##$'(..
##..........# #...........####...


You could see a troll, an ogre (wandering), a gnoll sergeant, a gnoll
(wandering) and an orc.

Vanquished Creatures
  2 hill giants
  A centaur skeleton (D:9)
  Grum (D:9)
  2 hungry ghosts (D:10)
  2 hippogriffs
  4 wolves (D:9)
  5 orc warriors
  5 ice beasts
  A black bear (D:7)
  A sky beast (D:7)
  A necrophage (D:5)
  2 phantoms
  6 ogres
  A centaur (D:10)
  A crocodile (D:9)
  4 big kobolds (D:10)
  4 giant frogs
  2 gnoll sergeants (D:10)
  A wyvern zombie (D:9)
  3 scorpions
  7 killer bees
  7 wights
  2 crimson imps
  4 hounds
  5 quasits
  2 giant frog zombies
  2 orc priests
  8 orc wizards
  3 jellies
  3 giant frog skeletons
  6 iguanas
  5 worker ants
  A sheep (D:7)
  A killer bee zombie (D:6)
  A hound zombie (D:6)
  2 hound skeletons (D:5)
  5 gnolls
  19 adders
  2 shadow imps
  An ooze (D:2)
  2 adder skeletons
  2 adder zombies
  5 worms
  7 giant geckos
  33 orcs
  3 ball pythons
  A giant cockroach (D:8)
  11 goblins
  5 hobgoblins
  9 jackals
  4 quokkas
  7 bats
  3 giant newts
  2 gnoll zombies (D:4)
  13 kobolds
  11 rats
253 creatures vanquished.

Vanquished Creatures (collateral kills)
  An adder (D:3)
1 creature vanquished.

Grand Total: 254 creatures vanquished

Notes
Turn   | Place    | Note
--------------------------------------------------------------
     0 | D:1      | namelastname112 the Draconian Hunter began the quest for the Orb.
     0 | D:1      | Reached XP level 1. HP: 17/17 MP: 1/1
   413 | D:1      | Reached XP level 2. HP: 18/24 MP: 2/2
   702 | D:1      | Reached skill level 4 in Bows
   854 | D:1      | Reached XP level 3. HP: 24/30 MP: 3/3
  1431 | D:2      | Reached XP level 4. HP: 25/37 MP: 4/4
  1879 | D:3      | Found a sparkling altar of Nemelex Xobeh.
  2031 | D:3      | Reached XP level 5. HP: 22/45 MP: 5/5
  2279 | D:3      | Reached skill level 5 in Bows
  2401 | D:3      | Found an opulent altar of Gozag.
  2413 | D:3      | Became a worshipper of Gozag Ym Sagoz the Greedy
  2908 | D:4      | Found a glowing silver altar of Zin.
  3037 | D:4      | Found a basalt altar of Yredelemnul.
  3217 | D:4      | Found a stormy altar of Qazlal.
  3335 | D:4      | Reached XP level 6. HP: 50/52 MP: 6/6
  3398 | D:4      | Found a shadowy altar of Dithmenos.
  3574 | D:5      | Entered Level 5 of the Dungeon
  3907 | D:5      | Reached XP level 7. HP: 47/60 MP: 7/7
  3907 | D:5      | Your scales start taking on a glossy black colour.
  3907 | D:5      | Gained mutation: You are resistant to electric shocks. [Black Draconian growth]
  3973 | D:5      | Reached skill level 6 in Bows
  4651 | D:5      | Reached skill level 5 in Fighting
  4996 | D:6      | Reached skill level 7 in Bows
  4996 | D:6      | Reached XP level 8. HP: 34/68 MP: 8/8
  5505 | D:6      | Found a shimmering altar of Xom.
  5525 | D:6      | Found a burning altar of Makhleb.
  6109 | D:6      | Reached skill level 5 in Dodging
  6167 | D:7      | Found a bloodstained altar of Trog.
  6566 | D:7      | Found a staircase to the Ecumenical Temple.
  6612 | D:7      | Reached skill level 8 in Bows
  6713 | D:7      | Reached skill level 1 in Staves
  6794 | D:7      | Found a deep blue altar of Sif Muna.
  7078 | D:8      | Reached XP level 9. HP: 73/78 MP: 9/9
  7650 | D:8      | Found a sacrificial altar of Ru.
  8323 | D:8      | Reached skill level 9 in Bows
  8896 | D:9      | Noticed a hill giant
  8921 | D:9      | Killed a hill giant
  9029 | D:9      | Found a staircase to the Lair.
  9032 | D:9      | Found a shattered altar of Ashenzari.
  9118 | D:9      | You fall through a shaft!
  9118 | D:10     | Entered Level 10 of the Dungeon
  9213 | D:10     | Noticed a hill giant
  9269 | D:9      | Found Amyok's Book Boutique.
  9324 | D:9      | Reached XP level 10. HP: 77/88 MP: 10/10
  9991 | D:9      | Noticed Grum
  9993 | D:9      | Reached skill level 10 in Bows
 10014 | D:9      | Killed Grum
 10764 | D:9      | Found a glowing golden altar of the Shining One.
 11246 | D:10     | Killed a hill giant
 11246 | D:10     | Reached skill level 5 in Staves
 11674 | D:10     | Found a staircase to the Orcish Mines.
 11814 | D:10     | Slain by a troll

Vault maps used:
D:1:      dpeg_arrival_lava_temple_mockup
D:3:      lemuel_round_altar, nemelex_deck, kennysheep_generic_room_9
D:4:      overflow_temple_1_default, lemuel_doored_altar,
          grunt_dithmenos_shadows, lemuel_zombie_altar_yredelemnul,
          kennysheep_crisscross, kennysheep_generic_room_11
D:5:      first_bread
D:6:      old_standard_altar, makhleb_heckhound_becter
D:7:      lemuel_coloured_pillars_altar, trog_butcher_becter
D:8:      nicolae_ru_sacrificial_ziggurat
D:9:      kennysheep_ambush_hall, nicolae_overflow_hidden_temple,
          kennysheep_mini, lair_0_dummy, serial_shops, shop, uniq_grum
D:10:     kennysheep_orc_monster_closet_entryway

Action                   |  1- 3 |  4- 6 |  7- 9 | 10-12 || total
-------------------------+-------+-------+-------+-------++-------
Melee: Short sword       |   147 |   321 |   116 |       ||   584
       Spear             |       |       |    58 |   177 ||   235
       Quarterstaff      |       |       |    20 |       ||    20
 Fire: Shortbow          |    12 |    46 |   363 |   164 ||   585
 Abil: Breathe Lightning |       |       |     9 |     5 ||    14
Evoke: Deck              |       |     2 |       |       ||     2
  Use: Potion            |       |       |     4 |     4 ||     8
       Scroll            |       |       |       |     1 ||     1
 Stab: Sleeping          |     4 |    15 |     4 |       ||    23
       Distracted        |     1 |       |       |       ||     1
       Invisible         |       |       |     1 |       ||     1
  Eat: Chunk             |     2 |     3 |       |       ||     5
       Beef jerky        |       |     2 |     1 |       ||     3
       Pizza             |       |     1 |       |     2 ||     3
       Meat ration       |       |       |     3 |     1 ||     4
       Royal jelly       |       |       |     1 |       ||     1
       Bread ration      |       |       |       |     1 ||     1
